 Dungeon Crawl Stone Soup version coffee-0.2.0 (webtiles) character file.

Game seed: 17250485024711201027, levelgen mode: deterministic

185 Dorkslayer the Conjurer (level 5, -2/32 HPs)
             Began as an Octopode Conjurer on Oct 9, 2020.
             Was a Follower of Vehumet.
             Slain by Grinder (5 damage)
             ... on level 3 of the Dungeon.
             The game lasted 00:10:34 (1905 turns).

Dorkslayer the Conjurer (Octopode Conjurer)         Turns: 1905, Time: 00:10:34

Health: -2/32      AC:  1    Str:  7    XL:     5   Next: 64%
Magic:  8/9        EV:  8    Int: 18    God:    Vehumet [*.....]
Gold:   122        SH:  0    Dex: 13    Spells: 8/9 levels left

rFire    . . .     SeeInvis .   e - +2 demon whip (venom)
rCold    + . .     Gourm    .   (no shield)
rNeg     . . .     Faith    .   (helmet restricted)
rPois    .         Spirit   .   (no amulet)
rElec    .         Reflect  .   h - ring of wizardry
rCorr    .         Harm     .   k - ring of protection from cold (curse)
MR       .....                  (no ring)
Stlth    ++++......             (no ring)
HPRegen  0.10/turn              (no ring)
MPRegen  0.11/turn              (no ring)
                                (no ring)
                                (no ring)

@: petrifying (expiring), very slow
A: almost no armour, stealthy swim, amphibious, 8 rings, constrict 8, camouflage
1, gelatinous body 1
a: Renounce Religion


You were on level 3 of the Dungeon.
You worshipped Vehumet.
Vehumet was aware of your devotion.
You were not hungry.

You visited 2 branches of the dungeon, and saw 4 of its levels.

You collected 122 gold pieces.

Inventory:

Hand Weapons
 d - a +0 dagger
 e - a +2 demon whip of venom (weapon)
Missiles
 m - 3 poisoned darts (quivered)
Jewellery
 h - a ring of wizardry (left tentacle)
 k - a cursed ring of protection from cold (right tentacle)
Wands
 n - a wand of flame (20)
Scrolls
 f - a scroll of blinking
 g - a scroll of enchant armour
 i - a scroll of vulnerability
 j - a scroll of remove curse
 l - a scroll of enchant weapon
Potions
 c - a potion of curing
Comestibles
 a - 9 chunks of flesh
 b - 10 rations


   Skills:
 + Level 0.7(3.3) Fighting
 + Level 2.0 Maces & Flails
 + Level 2.7(4.0) Dodging
 + Level 3.8(5.8) Stealth
 + Level 2.9(3.8) Spellcasting
 + Level 4.9 Conjurations
 * Level 0.1 Evocations


You had 8 spell levels left.
You knew the following spells:

 Your Spells              Type           Power        Failure   Level  Hunger
a - Magic Dart            Conj           ###.         1%          1    None

Your spell library contained the following spells:

 Spells                   Type           Power        Failure   Level  Hunger
 Shock                    Conj/Air       ###.         1%          1    None
 Searing Ray              Conj           ###...       1%          2    ##.....
 Dazzling Flash           Conj/Hex       ###...       3%          3    ###....
 Fulminant Prism          Conj/Hex       ###.......   12%         4    ####...
 Iskenderun's Mystic Bla  Conj/Tloc      ###.....     12%         4    ####...


Dungeon Overview and Level Annotations

Branches:
Dungeon (3/10)             Temple (1/1) D:2

Altars:
Ashenzari
Dithmenos
Elyvilon
Fedhas
Gozag
Hepliaklqana
Nemelex Xobeh
Qazlal
Vehumet
Xom
Zin

Shops:
D:1 }

Annotations:
D:3 Grinder


Innate Abilities, Weirdness & Mutations

You cannot wear most types of armour.
You are very stealthy in the water. (Stealth+)
You are amphibious.
You can wear up to eight rings at the same time.
You can use your tentacles to constrict eight enemies at once.
Your skin changes colour to match your surroundings (Stealth+).
Your rubbery body absorbs attacks. (AC +1, EV +1)


Message History

You constrict Grinder. The vampire bat bites you.
* * * LOW HITPOINT WARNING * * *
The vampire bat draws strength from your injuries!
The vampire bat bites you.
The vampire bat draws strength from your injuries!
Grinder drinks a potion.
Grinder is healed!
Grinder says, "Are you a fish?" Grinder hits you.
* * * LOW HITPOINT WARNING * * *
Your limbs are stiffening.
Unknown command.
You hit Grinder but do no damage.
Grinder is heavily wounded.
You constrict Grinder.
The vampire bat bites you but does no damage.
The vampire bat bites you.
* * * LOW HITPOINT WARNING * * *
The vampire bat draws strength from your injuries!
Grinder hits you!
You die...

##...##.#........
#..##............
#.###............
####.....<..........
##.................##
#..................÷.
############......#..
#.#.###### #.########
#.b@#...###.#
#.#.#5#.#.##.#
b.#.Zb#.⌠.#.#
#.#.#.#.#..'.#
..#.⌠.#.⌠.#.'.#
⌠.#.#.#.#.#..'.#
..#.⌠.#.⌠.#.⌠.###
.#.#.#Z#.#.#.##
.⌠.#.⌠.#...##


You could see Grinder, 3 vampire bats and a bat skeleton.

Vanquished Creatures
  Terence (D:2)
  A worker ant zombie (D:2)
  5 adders (D:2)
  4 gnolls (D:2)
  An ooze (D:3)
  2 worms (D:2)
  3 leopard geckos
  2 ball pythons
  2 bat skeletons (D:3)
  2 bat zombies (D:3)
  7 hobgoblins
  6 jackals
  A quokka (D:3)
  5 bats
  4 goblins
  5 kobolds
  6 rats
57 creatures vanquished.

Notes
Turn   | Place    | Note
-------+----------+-------------------------------------------
     0 | D:1      | Dorkslayer the Octopode Conjurer began the quest for the
                  | Orb.
     0 | D:1      | Reached XP level 1. HP: 11/11 MP: 3/3
   172 | D:1      | Reached XP level 2. HP: 17/17 MP: 1/5
   232 | D:1      | Found Elootag's Gadget Boutique.
   582 | D:2      | Found a glowing silver altar of Zin.
   582 | D:2      | Found a stormy altar of Qazlal.
   608 | D:2      | Found a sparkling altar of Nemelex Xobeh.
   675 | D:2      | Reached XP level 3. HP: 21/21 MP: 0/6
   701 | D:2      | Found a staircase to the Ecumenical Temple.
   717 | Temple   | Entered the Ecumenical Temple
   725 | Temple   | Became a worshipper of Vehumet
   754 | D:2      | Found a shadowy altar of Dithmenos.
   779 | D:2      | Reached XP level 4. HP: 13/27 MP: 4/7
   902 | D:2      | Noticed Terence
   910 | D:2      | Killed Terence
   910 | D:2      | Reached skill level 1 in Maces & Flails
  1157 | D:2      | Reached XP level 5. HP: 32/32 MP: 4/9
  1696 | D:3      | Found a sparkling altar of Nemelex Xobeh.
  1889 | D:3      | Reached * piety under Vehumet
  1889 | D:3      | Offered knowledge of Shock by Vehumet.
  1894 | D:3      | Noticed Grinder
  1905 | D:3      | Slain by Grinder

Levels and vault maps discovered:
D:1:      dpeg_arrival_arbitrary_b, layout_rooms, serial_shops, shop
D:2:      layout_basic, kennysheep_little_box,
          chequers_temple_overflow_statue_of_worship,
          minmay_temple_entry_crystal_x, nemelex_diamond_rough_becter,
          uniq_terence
D:3:      layout_rooms, kennysheep_vampire_church,
          nemelex_xobeh_ov_fountains_minmay, nicolae_gozag_seed_capital,
          uniq_grinder
Temple:   eino_temple_lava

Skill      XL: |  1  2  3  4  5 |
---------------+----------------+-----
Maces & Flails | 1 2 |  2.0
Stealth        | 3 |  3.8
Fighting       | |  0.7
Dodging        | |  2.7
Spellcasting   | |  2.9
Conjurations   | |  4.9
Evocations     | |  0.1

Action                   |  1- 3 |  4- 6 || total
-------------------------+-------+-------++-------
Melee: Demon whip        |    23 |    49 ||    72
       Constrict         |     8 |    14 ||    22
       Tentacles         |     3 |     3 ||     6
 Cast: Magic Dart        |    38 |    37 ||    75
  Use: Potion            |       |     1 ||     1
 Stab: Sleeping          |       |     4 ||     4
  Eat: Chunk             |       |     3 ||     3
Armor: Skin              |       |    12 ||    12
Dodge: Dodged            |    16 |    36 ||    52
